 Dungeon Crawl Stone Soup version 0.18.1-8-gdd0e5ea (webtiles) character file.

410 mistymad the Ruffian (level 6, -1/56 HPs)
             Began as a Naga Transmuter on May 22, 2016.
             Succumbed to a killer bee's poison
             ... on level 2 of the Dungeon.
             The game lasted 00:17:34 (5175 turns).

mistymad the Ruffian (Naga Transmuter)              Turns: 5175, Time: 00:17:35

Health: -1/56      AC:  2    Str: 12    XL:     6   Next: 89%
Magic:  8/10       EV: 20    Int: 16    God:
Gold:   98         SH:  0    Dex: 16    Spells: 3 memorised, 5 levels left

rFire  . . .     SeeInvis +       - Unarmed
rCold  . . .     Gourm    .     (armour currently unavailable)
rNeg   . . .     Faith    .     (shield currently unavailable)
rPois  x         Spirit   .     (helmet currently unavailable)
rElec  .         Dismiss  .     (cloak currently unavailable)
rCorr  +         Reflect  .     (gloves currently unavailable)
SustAt .         Harm     .     (no barding)
MR     .....                    (no amulet)
Stlth  +.........               (no ring)
                                j - ring of resist corrosion

@: lethally poisoned (-1 -> -38), spider-form (expiring), not resistant to
hostile enchantments, very unstealthy
A: see invisible, (deformed body), (poison resistance), (slowness 0), slow
metabolism 1, spit poison 2, AC +2
a: Spit Poison, End Transformation


You were on level 2 of the Dungeon.
You were very hungry.
You were a venomous arachnid creature.
You visited 1 branch of the dungeon, and saw 3 of its levels.

You collected 98 gold pieces.

Inventory:

Missiles
 a - 10 arrows
Armour
 b - a +0 robe (melded)
Jewellery
 j - a ring of resist corrosion (left front leg)
Scrolls
 h - a scroll of immolation {unknown}
 i - 3 scrolls of identify {unknown}
 k - 2 scrolls of recharging {unknown}
 m - a scroll of magic mapping {unknown}
 n - a scroll of enchant weapon {unknown}
 o - a scroll of remove curse {unknown}
Potions
 e - 2 potions of resistance {unknown}
 p - a potion of flight {unknown}
 q - a potion of ambrosia {unknown}
 r - a potion of lignification
 s - a potion of cure mutation
 t - a potion of haste {unknown}
 u - a potion of brilliance {unknown}
 v - a potion of agility {unknown}
Books
 c - a book of Changes

   Spells                             Type                      Level
   a - Beastly Appendage              Transmutation                1
   b - Sticks to Snakes               Transmutation                2
   c - Spider Form                    Transmutation/Poison         3
   d - Ice Form                       Ice/Transmutation            4
   e - Blade Hands                    Transmutation                5
Comestibles
 d - 2 bread rations
 g - a royal jelly
 l - 2 meat rations


   Skills:
 + Level 3.2 Fighting
 + Level 3.0 Dodging
 + Level 4.2 Unarmed Combat
 + Level 3.2 Spellcasting
 + Level 3.5 Transmutations


You had 5 spell levels left.
You knew the following spells:

 Your Spells              Type           Power        Failure   Level  Hunger
a - Beastly Appendage     Trmt           ##....       17%         1    None
b - Sticks to Snakes      Trmt           ##......     24%         2    ##.....
c - Spider Form           Trmt/Pois      #.........   50%         3    ###....


Dungeon Overview and Level Annotations

Branches:
Dungeon (3/15)

Altars:


Innate Abilities, Weirdness & Mutations

You cannot wear boots.
((Your serpentine skin is tough (AC +2).))
You have supernaturally acute eyesight.
((Armour fits poorly on your strangely shaped body.))
((Your system is resistant to poisons.))
((You cover ground very slowly.))
You have a slow metabolism.
You can spit poison.


Message History

You hit the orc.
You kill the orc!
* * * LOW HITPOINT WARNING * * *
You feel sick. The killer bee misses you. The killer bee stings you.
* * * LOW HITPOINT WARNING * * *
You are more poisoned.
The killer bee poisons you!
You miss the killer bee.
The killer bee is severely wounded.
* * * LOW HITPOINT WARNING * * *
You feel very sick. The killer bee misses you.
The killer bee closely misses you.
You barely miss the killer bee.
The killer bee is almost dead.
* * * LOW HITPOINT WARNING * * *
You feel very sick.
You kill the killer bee!
Your Dodging skill increases to level 3!
You completely miss the orc.
You die...

#.# #.# ### #.# #.# ..#
#)# #.# #.#
########.######.#
#.#####...............#
#..............######.#
#######.######## #.#
#.#############.#
#######.##.....os)....#
...........############
#######.#### #.# #.#
#######.# ........#
#########


You could see an orc.

Vanquished Creatures
  A scorpion (D:3)
  A killer bee (D:2)
  An orc priest (D:2)
  An orc wizard (D:3)
  Jessica (D:3)
  Natasha (twice) (D:3)
  6 adders
  An ooze (D:1)
  2 worms (D:3)
  4 dart slugs
  4 giant geckos
  5 orcs
  5 giant cockroaches
  7 hobgoblins
  3 jackals (D:1)
  4 quokkas (D:3)
  A ball python (D:1)
  9 bats
  6 giant newts
  6 goblins
  3 kobolds (D:2)
  7 rats
80 creatures vanquished.

Vanquished Creatures (collateral kills)
  An orc priest (D:3)
  Natasha (D:3)
  A worm (D:2)
  An orc (D:3)
4 creatures vanquished.

Grand Total: 84 creatures vanquished

Notes
Turn   | Place    | Note
--------------------------------------------------------------
     0 | D:1      | mistymad the Naga Transmuter began the quest for the Orb.
     0 | D:1      | Reached XP level 1. HP: 18/18 MP: 3/3
   600 | D:1      | Reached XP level 2. HP: 22/25 MP: 3/5
  1099 | D:1      | Learned a level 2 spell: Sticks to Snakes
  1319 | D:1      | Reached XP level 3. HP: 26/31 MP: 4/6
  1703 | D:2      | Learned a level 3 spell: Spider Form
  2091 | D:2      | Reached XP level 4. HP: 24/39 MP: 5/7
  2412 | D:2      | HP: 2/58 [poisoned by an adder]
  2420 | D:2      | HP: 2/58 [poisoned by an adder]
  2428 | D:2      | HP: 1/58 [poisoned by an adder]
  3298 | D:2      | Reached XP level 5. HP: 33/46 MP: 5/8
  3782 | D:3      | Noticed Natasha
  3804 | D:3      | Killed Natasha
  4103 | D:3      | Noticed Jessica
  4128 | D:3      | Killed Jessica
  4410 | D:3      | Noticed Natasha
  4424 | D:3      | Killed Natasha
  4424 | D:3      | Reached XP level 6. HP: 55/55 MP: 2/10
  4474 | D:3      | Noticed Natasha
  4483 | D:3      | Killed Natasha
  4960 | D:3      | Reached skill level 4 in Unarmed Combat
  5174 | D:2      | HP: 2/56 [poisoned by a killer bee]
  5175 | D:2      | Succumbed to a killer bee's poison

Skill      XL: |  1  2  3  4  5  6 |
---------------+-------------------+-----
Dodging        | 2 3 |  3.0
Fighting       | 2 3 |  3.2
Transmutations | 3 |  3.5
Spellcasting   | 3 |  3.2
Unarmed Combat | 4 |  4.2

Action                   |  1- 3 |  4- 6 || total
-------------------------+-------+-------++-------
Melee: Unarmed           |   132 |   133 ||   265
       Headbutt          |    13 |     3 ||    16
       Punch             |     1 |     1 ||     2
 Cast: Beastly Appendage |    20 |    13 ||    33
       Sticks to Snakes  |     1 |    13 ||    14
       Spider Form       |       |     7 ||     7
 Abil: Spit Poison       |    11 |    25 ||    36
  Use: Potion            |       |     3 ||     3
 Stab: Sleeping          |     1 |       ||     1
  Eat: Chunk             |     1 |     8 ||     9
       Bread ration      |     1 |       ||     1
Armor: Robe              |    38 |    32 ||    70
       Skin              |       |     5 ||     5
Dodge: Dodged            |   112 |   111 ||   223
